 Dungeon Crawl Stone Soup version 0.24.0-123-gd5b16e6ec5 (webtiles) character file.

Game seed: 7545078079846499343, levelgen mode: deterministic

100 Curus the Slasher (level 4, -1/57 HPs)
             Began as a Draconian Berserker on Jan 17, 2020.
             Was a Believer of Trog.
             Killed from afar by an orc wizard (2 damage)
             ... with a puff of frost
             ... on level 3 of the Dungeon.
             The game lasted 00:05:07 (2574 turns).

Curus the Slasher (Draconian Berserker)             Turns: 2574, Time: 00:05:07

Health: -1/57      AC:  6    Str: 21 (24) XL:     4   Next: 47%
Magic:  4/4        EV: 12    Int:  6 (8)  God:    Trog [**....]
Gold:   89         SH:  0    Dex:  9 (11) Spells: 3/3 levels left

rFire    . . .     SeeInvis .   a - +0 falchion
rCold    . . .     Gourm    .   (no shield)
rNeg     . . .     Faith    .   (armour unavailable)
rPois    .         Spirit   .   (helmet restricted)
rElec    .         Reflect  .   (no cloak)
rCorr    .         Harm     .   i - +0 pair of gloves
MR       .....                  (no boots)
Stlth    ..........             (no amulet)
HPRegen  0.19/turn              (no ring)
MPRegen  0.09/turn              (no ring)

@: berserking, very quick
A: unfitting armour, cold-blooded, AC +5
a: Berserk, Trog's Hand, Renounce Religion


You were on level 3 of the Dungeon.
You worshipped Trog.
Trog was pleased with you.
You were hungry.

You visited 1 branch of the dungeon, and saw 3 of its levels.

You collected 89 gold pieces.

Inventory:

Hand Weapons
 a - a +0 falchion (weapon)
Armour
 i - a +0 pair of gloves (worn)
Scrolls
 c - 2 scrolls of remove curse
 d - a scroll of enchant armour
 e - 2 scrolls of teleportation
 f - 5 scrolls of identify
Comestibles
 b - 8 rations
 h - 3 chunks of flesh


   Skills:
 - Level 3.2 Fighting
 + Level 5.3 Long Blades
 - Level 2.6 Dodging


You had 3 spell levels left.
You didn't know any spells.
Your spell library was empty.

Dungeon Overview and Level Annotations

Branches:
Dungeon (3/15)

Altars:


Innate Abilities, Weirdness & Mutations

Your plain brown scales are hard. (AC +5)
You cannot fit into any form of body armour.
You are cold-blooded and may be slowed by cold attacks.


Message History

The orc wizard is severely wounded.
You hear some strange, mumbled words.
A puff of frost appears from out of thin air!
The puff of frost hits you.
* * * LOW HITPOINT WARNING * * *
You hear some strange, mumbled words.
A puff of frost appears from out of thin air!
The puff of frost hits you.
* * * LOW HITPOINT WARNING * * *
The orc wizard casts a spell at you. The puff of frost hits you.
* * * LOW HITPOINT WARNING * * *
You closely miss something. You miss something.
Something hits you but does no damage. The orc wizard barely misses you.
You miss something.
Your tail-slap misses something.
Something hits you.
* * * LOW HITPOINT WARNING * * *
The orc wizard points at you and mumbles some strange words.
The puff of frost hits you.
You die...

#.......§.####
#..§§§.#.....
#.§§§§§..#
##.§§§§#..###
#..§§§§....>#
##§§§§##..#.#
#§.§.....#
#....###.# #<##.#
#@# #.##....o{...#
###†######........
#......# ###...###
.....#.##.# ####
###.##.##.# #.
#.##.# . ..##.# #
####.##


You could see an orc wizard.

Vanquished Creatures
  2 adders
  4 worms
  4 dart slugs
  3 leopard geckos
  An orc (D:3)
  13 bats
  3 giant cockroaches (D:1)
  6 hobgoblins
  A quokka (D:2)
  4 frilled lizards
  6 goblins
  10 kobolds
  3 rats
60 creatures vanquished.

Notes
Turn   | Place    | Note
-------+----------+-------------------------------------------
     0 | D:1      | Curus the Draconian Berserker began the quest for the Orb.
     0 | D:1      | Reached XP level 1. HP: 19/19 MP: 1/1
   141 | D:1      | Reached XP level 2. HP: 14/26 MP: 2/2
   736 | D:1      | Reached skill level 4 in Long Blades
  1118 | D:1      | Reached XP level 3. HP: 23/31 MP: 3/3
  1279 | D:2      | Reached ** piety under Trog
  2113 | D:2      | Reached XP level 4. HP: 31/38 MP: 4/4
  2238 | D:2      | Reached skill level 5 in Long Blades
  2571 | D:3      | HP: 2/57 [something/puff of frost (5)]
  2574 | D:3      | Killed from afar by an orc wizard

Levels and vault maps discovered:
D:1:      psy_arrival_radial02, layout_basic
D:2:      layout_loops_corners
D:3:      layout_loops_cross, chequers_ecumenical_altar_twisty, first_ration,
          gup_sewer_entry_spiral

Skill      XL: |  1  2  3  4 |
---------------+-------------+-----
Long Blades    | 4 5 |  5.3
Fighting       | |  3.2
Dodging        | |  2.6

Action                   |  1- 3 |  4- 6 || total
-------------------------+-------+-------++-------
Melee: Falchion          |   149 |    65 ||   214
       Tailslap          |    16 |     6 ||    22
Invok: Berserk           |     1 |     1 ||     2
  Use: Scroll            |     4 |     1 ||     5
       Potion            |     4 |     1 ||     5
 Stab: Sleeping          |     2 |       ||     2
  Eat: Chunk             |     2 |     1 ||     3
       Ration            |     1 |       ||     1
Armor: Skin              |    50 |    15 ||    65
Dodge: Dodged            |   103 |    27 ||   130
       Rpst.: Falchion   |    31 |     5 ||    36
